Map: Frozen Temple

Players

perco - Winner!

  • Race: Zerg Zerg
  • League: Diamond
  • Spawn Location: 5:00

Amix

  • Race: Protoss Protoss
  • League: Platinum
  • Spawn Location: 11:00

VOD

Have the link to the VOD?

Description

Time

  • Played on: Nov. 6, 2016, 9:50 a.m.
  • Length: 9:45
Show
View Real Time Build Order
Export as new Build Order

perco Zerg - Winner!

Build Orders: Hatch First 

Get SALT Encoding   

  12  0:01  Drone  
  13  0:12  Overlord  
  13  0:20  Drone  
  14  0:32  Drone x2  
  16  0:37  Drone  
  17  0:47  Drone  
  18  1:03  Hatchery  
  17  1:05  Drone  
  17  1:07  Extractor  
  17  1:09  Drone  
  18  1:26  Spawning Pool  
  18  1:32  Drone x2  
  19  1:42  Overlord  
  19  2:12  Queen  
  19  2:14  Queen  
  23  2:16  Zergling x2  
  23  2:17  Zergling x4  
  23  2:18  Metabolic Boost  
  23  2:22  Drone  
  27  2:26  Drone  
  28  2:30  Drone  
  29  2:47  Drone x2  
  29  2:50  Spore Crawler  
  30  2:53  Spore Crawler  
  30  2:58  Drone  
  30  3:01  Drone x2  
  32  3:07  Spine Crawler x2  
  32  3:09  Drone  
  31  3:15  Drone  
  31  3:17  Overlord  
  32  3:31  Roach Warren  
  32  3:32  Drone x2  
  33  3:44  Spine Crawler  
  33  3:46  Drone x2  
  33  3:47  Drone  
  35  3:56  Drone x2  
  35  3:57  Overlord  
  37  4:10  Drone x3, Extractor  
  38  4:31  Pneumatized Carapace  
  38  4:33  Drone x2  
  38  4:34  Drone x3  
  38  4:36  Overlord  
  43  5:01  Overlord  
  43  5:09  Overlord  
  43  5:16  Lair  
  43  5:19  Drone x5  
  48  5:24  Drone x4, Extractor  
  48  5:27  Extractor  
  50  5:30  Roach x3  
  56  5:54  Roach x6  
  68  5:57  Overlord x2  
  68  6:15  Hatchery, Queen  
  69  6:41  Roach  
  69  6:42  Roach x6  
  69  6:44  Glial Reconstitution  
  83  6:47  Overlord x6  
  83  6:48  Overlord  
  83  6:50  Overseer  
  83  7:18  Ravager x5  
  83  7:19  Ravager x8  
  83  7:21  Roach x2  
  100  7:24  Roach  
  100  7:27  Drone  
  100  7:28  Drone x7  
  110  7:53  Drone x3, Extractor x2  
  110  7:55  Drone x3  
  110  7:57  Roach x2  
  118  8:03  Roach x2  
  122  8:11  Roach x4  
  122  8:12  Roach x4  
  138  8:33  Roach x3  
  138  8:34  Roach x2  
  142  8:49  Roach x2  
  146  9:05  Hydralisk Den  
  146  9:07  Spine Crawler  
  146  9:08  Spine Crawler  
  146  9:09  Spine Crawler  
  142  9:10  Spine Crawler  
  142  9:11  Spore Crawler  
  142  9:13  Roach x2  
  142  9:14  Roach  
Show
View Real Time Build Order
Export as new Build Order

Amix Protoss 

Build Orders:  

Get SALT Encoding   

  12  0:02  Probe (Chrono Boost)  
  13  0:12  Probe (Chrono Boost)  
  14  0:22  Pylon  
  14  0:24  Probe (Chrono Boost)  
  15  0:38  Assimilator  
  15  0:40  Probe (Chrono Boost)  
  16  0:50  Probe (Chrono Boost)  
  16  0:52  Gateway  
  17  1:07  Probe (Chrono Boost)  
  18  1:17  Probe (Chrono Boost)  
  19  1:21  Gateway  
  19  1:28  Probe (Chrono Boost)  
  20  1:33  Pylon  
  20  1:51  Cybernetics Core  
  20  1:56  Pylon  
  20  2:27  Gateway  
  20  2:30  Pylon  
  20  2:31  Warp Gate (Chrono Boost)  
  20  2:39  Stalker  
  22  2:47  Probe  
  23  2:55  Pylon  
  22  3:18  Mothership Core  
  22  3:19  Pylon  
  24  3:21  Adept  
  26  3:32  Robotics Facility  
  26  3:33  Assimilator  
  26  3:39  Probe  
  27  4:02  Forge  
  27  4:06  Probe  
  28  4:14  Pylon  
  28  4:17  Pylon  
  28  4:18  Probe  
  31  4:30  Probe  
  32  4:49  Photon Cannon  
  32  4:50  Photon Cannon  
  32  4:54  Photon Cannon  
  30  5:00  Photon Cannon  
  30  5:09  Warp Prism  
  30  5:12  Stalker  
  34  5:22  Sentry x2  
  38  5:41  Probe  
  39  5:48  Protoss Ground Weapons Level 1 (Chrono Boost)  
  39  5:53  Probe  
  40  6:05  Probe  
  41  6:17  Probe  
  42  6:36  Immortal  
  46  6:52  Gateway  
  46  6:53  Gateway  
  46  6:54  Gateway  
  46  6:56  Gateway  
  46  7:16  Immortal  
  46  7:17  Adept  
  52  7:33  Adept x2  
  56  7:50  Pylon  
  56  7:53  Pylon x2  
  56  7:54  Pylon  
  56  7:56  Pylon  
  56  8:28  Stalker  
  56  8:29  Stalker x2  
  56  8:30  Stalker  
  50  9:31  Robotics Facility  
Tags
 
Add a new tag
Caveats
  • Supply blocks, unpowered buildings, or Contaminate may cause inaccurate times.
  • Supply counts are checked every 10 seconds.